 Dungeon Crawl Stone Soup version 0.28.0-62-gf88900778d (webtiles) character file.

Game seed: 8309247999297075227

191 cbfl8 the Poker (level 5, -2/43 HPs)
             Began as a Merfolk Berserker on Sept 12, 2023.
             Was a Believer of Trog.
             Slain by Ijyb
             ... wielding a +0 dagger
              (4 damage)
             ... on level 4 of the Dungeon.
             The game lasted 00:01:48 (3085 turns).

cbfl8 the Poker (Merfolk Berserker)                 Turns: 3085, Time: 00:01:49

Health: -2/43      AC:  3    Str: 17    XL:     5   Next: 70%
Magic:  5/5        EV: 12    Int:  7    God:    Trog [**....]
Gold:   174        SH:  0    Dex: 15    Spells: 4/4 levels left

rFire   . . .      SeeInvis .   a - +0 spear
rCold   . . .      Faith    +   (no shield)
rNeg    . . .      Spirit   .   b - +0 animal skin
rPois   .          Reflect  .   d - +1 hat
rElec   .          Harm     .   (no cloak)
rCorr   .          Rampage  .   (no gloves)
Will    .....                   (no boots)
Stlth   +.........              c - amulet of faith
HPRegen 0.14/turn               (no ring)
MPRegen 0.09/turn               (no ring)

@: no status effects
A: (nimble swimmer 2), mertail
a: Renounce Religion, Berserk, Trog's Hand


You were on level 4 of the Dungeon.
You worshipped Trog.
Trog was pleased with you.
You visited 1 branch of the dungeon, and saw 4 of its levels.

You collected 174 gold pieces.

Inventory:

Hand Weapons
 a - a +0 spear (weapon)
Armour
 b - a +0 animal skin (worn)
 d - a +1 hat (worn)
Jewellery
 c - an amulet of faith (around neck)
Scrolls
 e - a scroll of immolation {unknown}
 h - a scroll of enchant weapon {unknown}
 j - a scroll of fear {unknown}
 k - 2 scrolls of identify {unknown}
 l - 2 scrolls of torment {unknown}
 m - a scroll of teleportation {unknown}
 n - a scroll of noise {unknown}
 o - a scroll of magic mapping {unknown}
 p - a scroll of enchant armour {unknown}
Potions
 f - 2 potions of haste {unknown}
 g - a potion of curing {unknown}
 i - a potion of lignification {unknown}


   Skills:
 + Level 4.5 Fighting
 + Level 7.0 Polearms
 + Level 1.6 Armour
 - Level 2.6 Dodging
 * Level 2.0 Evocations


You had 4 spell levels left.
You didn't know any spells.
Your spell library was empty.

Dungeon Overview and Level Annotations

Branches:
Dungeon (4/15)
 Temple: D:4-7

Altars:

Annotations:
D:4 Ijyb


Innate Abilities, Weirdness & Mutations

((You are very nimble when in or above water. (Stealth+, EV+, Speed+++)))
Your lower body shifts to a powerful aquatic tail in water.


Message History

Ijyb zaps a wand.
Your mind is blasted!
Ijyb is nearby!
Ijyb is nearby!
Found 2 amethyst potions and a chain mail.
Ijyb is nearby!
Ijyb drinks a potion.
Ijyb flickers and vanishes!
Deactivating autopickup; reactivate with Ctrl-A.
You see here 18 arrows.
There is a strange disturbance nearby!
No target in view!
There is a strange disturbance nearby!
No target in view!
There is a strange disturbance nearby!
No target in view!
You hear a zap.
Something tries to affect you, but you resist.
The now-empty wand crumbles to dust.
You completely miss something. Something hits you but does no damage.
You closely miss something. Something hits you.
You hit something but do no damage. You miss something. Something hits you.
You miss something. Something hits you.
You barely miss something. Something hits you.
You hit something but do no damage. You hit something. Something hits you.
You hit something but do no damage. Something hits you.
You hit something but do no damage. Something hits you.
You hit something. You closely miss something. Something hits you.
You hit something but do no damage. Something hits you.
* * * LOW HITPOINT WARNING * * *
You hit something but do no damage. Something hits you.
* * * LOW HITPOINT WARNING * * *
You hit something. You hit something. Something hits you.
* * * LOW HITPOINT WARNING * * *
You hit something. Something hits you.
* * * LOW HITPOINT WARNING * * *
You hit something but do no damage. Something hits you.
You die...

###### #[...# #....# +....+
#####.{..# ##.....@..# ..
..........##!...
.......(.........+
.........####.##.#
..###.......#.##.#
#.....#.#####.#..... .###
#....##.#..##.#....#
....####....##.#.....##.#.#
#..............#.######.#.#


There were no monsters in sight!

Vanquished Creatures
  An ogre (D:4)
  An iguana (D:4)
  4 adders
  2 worms
  A dart slug (D:2)
  5 bats
  9 endoplasms
  A giant cockroach (D:3)
  3 goblins
  3 hobgoblins
  A quokka (D:1)
  3 ball pythons
  2 frilled lizards
  4 kobolds
  A rat (D:1)
41 creatures vanquished.

Notes
Turn   | Place    | Note
-------+----------+-------------------------------------------
     0 | D:1      | cbfl8 the Merfolk Berserker began the quest for the Orb.
     0 | D:1      | Reached XP level 1. HP: 18/18 MP: 1/1
   253 | D:1      | Reached XP level 2. HP: 22/24 MP: 2/2
   878 | D:2      | Reached skill level 5 in Polearms
  1303 | D:2      | Reached XP level 3. HP: 10/30 MP: 3/3
  1719 | D:2      | Reached skill level 1 in Evocations
  2003 | D:2      | Identified the +7 whip of Axzus {speed, rN+++ Will- rCorr
                  | Stlth+}
  2227 | D:3      | Reached ** piety under Trog
  2430 | D:3      | Reached XP level 4. HP: 37/37 MP: 4/4
  2518 | D:3      | Identified the +5 hand axe of the Curious Olives {vorpal,
                  | rF+ rN+++ Stlth+}
  2851 | D:4      | Reached skill level 6 in Polearms
  2965 | D:4      | Noticed an ogre
  2973 | D:4      | Killed an ogre
  2974 | D:4      | Reached skill level 7 in Polearms
  2974 | D:4      | Reached XP level 5. HP: 43/43 MP: 5/5
  3063 | D:4      | Noticed Ijyb
  3084 | D:4      | HP: 2/43 [something (4)]
  3085 | D:4      | Slain by Ijyb

Illustrated notes

Levels and vault maps discovered:
D:1:      erik_arrival_triangle_medium, layout_basic
D:2:      layout_basic
D:3:      layout_loops_ring, minmay_misc_feat_columns
D:4:      layout_basic, grunt_decor_resistance, uniq_ijyb

Skill      XL: |  1  2  3  4 |
---------------+-------------+-----
Polearms       | 5 7 |  7.0
Evocations     | 1 2 |  2.0
Fighting       | 4 |  4.5
Armour         | |  1.6
Dodging        | |  2.6

Action                   |  1- 3 |  4- 6 || total
-------------------------+-------+-------++-------
Melee: Spear             |   114 |    59 ||   173
       Punch             |     1 |     1 ||     2
Invok: Berserk           |       |     1 ||     1
 Stab: Sleeping          |     4 |     1 ||     5
Armor: Animal skin       |     9 |     8 ||    17
Dodge: Dodged            |    26 |    15 ||    41
